 Dungeon Crawl Stone Soup version 0.21.1-1-g345015fe64 (webtiles) character file.

904108 Peloso the Minotaur Barricade (level 27, -8/288 HPs)
             Began as a Minotaur Fighter on July 7, 2018.
             Was the Champion of Okawaru.
             Mangled by a sun demon (11 damage)
             ... in Pandemonium on July 8, 2018.
             The game lasted 06:40:19 (99746 turns).

Peloso the Minotaur Barricade (Minotaur Fighter)   Turns: 99746, Time: 06:40:20

Health: -8/288     AC: 43    Str: 40    XL:     27
Magic:  32/32      EV: 15    Int:  3    God:    Okawaru [******]
Gold:   6045       SH: 14    Dex: 13    Spells: 29/29 levels left

rFire    + + +     SeeInvis +   d - +9 double sword (elec)
rCold    + . .     Gourm    .   F - +3 warlock's mirror {reflect}
rNeg     + + .     Faith    .   B - +9 scales of the Dragon King {rPois rF+ rC+ MR+}
rPois    +         Spirit   .   r - +2 hat {MR+}
rElec    +         Reflect  +   R - +2 cloak {MR+}
rCorr    +         Harm     .   U - +0 pair of gloves {Str+3}
MR       +++++     Rnd*Tele +   y - +1 pair of boots "Niexavoph" {rN++ rCorr SInv Stlth-}
Stlth    ..........             i - amulet of Vitality {Regen+ HP+15}
HPRegen  0.98/turn              b - ring of the Open Hand {rCorr rElec Str+4 SInv Stlth-}
MPRegen  0.23/turn              Q - ring "Roynna" {+Inv rF+ Str+3 Dex+3}

@: lethally poisoned (-8 -> -8), heroism, studying Slings
A: retaliatory headbutt, horns 2, icy blue scales 1, blurry vision 1, clumsy 1,
deformed body, dopey 1, fire resistance 1, low mp 1, screaming 1, teleportitis
1, weak 1, no potion heal 1, sturdy frame 1
}: 5/15 runes: serpentine, barnacled, slimy, silver, fiery
a: Heroism, Finesse, Renounce Religion, Evoke Invisibility


You were in Pandemonium.
You worshipped Okawaru.
Okawaru was exalted by your worship.
You were not hungry.

You visited 13 branches of the dungeon, and saw 59 of its levels.
You visited Pandemonium 1 time, and saw 3 of its levels.
You visited the Abyss 1 time.
You also visited: Labyrinth, Trove, Volcano and Desolation.

You collected 9272 gold pieces.
You spent 3227 gold pieces at shops.

Inventory:

Hand Weapons
 d - a +9 double sword of electrocution (weapon)
 s - a +2 double sword of distortion
 z - the +8 broad axe of Saltpetre {freeze, rF+ rN+ Int+6}
   (You took it off an efreet in Pandemonium)

   It has been specially enchanted to freeze those struck by it, causing extra
   injury to most foes and up to half again as much damage against particularly
   susceptible opponents.
   It can also slow down cold-blooded creatures.
   It affects your intelligence (+6).
   It protects you from fire.
   It protects you from negative energy.
 O - the +9 scimitar "Lobyig" {freeze, Dex+4}
   (Okawaru gifted it to you on level 2 of the Vaults)

   It has been specially enchanted to freeze those struck by it, causing extra
   injury to most foes and up to half again as much damage against particularly
   susceptible opponents.
   It can also slow down cold-blooded creatures.
   It affects your dexterity (+4).
 V - the +6 sword of Cerebov {flame}
   (You took it off Cerebov in Pandemonium)

   It has been specially enchanted to burn those struck by it, causing extra
   injury to most foes and up to half again as much damage against particularly
   susceptible opponents.
   Big, fiery blades are also staple armaments of hydra-hunters.
Armour
 r - a +2 hat of magic resistance (worn)
 y - the +1 pair of boots "Niexavoph" (worn) {rN++ rCorr SInv Stlth-}
   (Okawaru gifted it to you on level 3 of the Lair of Beasts)

   It greatly protects you from negative energy.
   It lets you see invisible.
   It protects you from acid and corrosion.
   It makes you less stealthy.
 B - the +9 scales of the Dragon King (worn) {rPois rF+ rC+ MR+}
   (You found it in the Desolation of Salt)

   It protects you from fire.
   It protects you from cold.
   It protects you from poison.
   It affects your resistance to hostile enchantments.
 F - the +3 warlock's mirror (worn) {reflect}
   (You found it on level 5 of the Pits of Slime)
 N - the +1 pair of boots "Fosaducs" {rElec rPois MR- Str+3}
   (You found it in Pandemonium)

   It affects your strength (+3).
   It insulates you from electricity.
   It protects you from poison.
   It affects your resistance to hostile enchantments.
 R - a +2 cloak of magic resistance (worn)
 U - a +0 pair of gloves of strength (worn)
Jewellery
 b - the ring of the Open Hand (left hand) {rCorr rElec Str+4 SInv Stlth-}
   (You found it on level 5 of the Pits of Slime)

   [ring of resist corrosion]

   It affects your strength (+4).
   It insulates you from electricity.
   It lets you see invisible.
   It makes you less stealthy.
 i - the amulet of Vitality (around neck) {Regen+ HP+15}
   (You bought it in a shop on level 4 of the Snake Pit)

   [amulet of regeneration]

   It affects your health (+15).
   It increases your rate of regeneration.
 k - the ring of Robustness {AC+8}
   (You took it off an imperial myrmidon in the Desolation of Salt)

   [ring of protection]

   It affects your AC (+8).
 o - the ring "Famuar" {Wiz rElec Slay+3 SInv}
   (You acquired it on level 4 of the Vaults)

   [ring of wizardry]

   It improves your spell success rate.
   It affects your accuracy and damage with ranged weapons and melee attacks
   (+3).
   It insulates you from electricity.
   It lets you see invisible.
 w - an uncursed amulet of the gourmand
 M - an uncursed ring of positive energy
 Q - the ring "Roynna" (right hand) {+Inv rF+ Str+3 Dex+3}
   (You found it on level 2 of the Snake Pit)

   [ring of dexterity]

   It affects your strength (+3).
   It affects your dexterity (+3).
   It protects you from fire.
   It lets you turn invisible.
Wands
 m - a wand of iceblast (10)
 H - a wand of digging (12)
 W - a wand of flame (13)
Scrolls
 a - 2 scrolls of fog
 e - 28 scrolls of teleportation
 n - a scroll of enchant weapon
 p - 8 scrolls of identify
 v - 28 scrolls of remove curse
 x - 14 scrolls of fear
 E - 3 scrolls of summoning
 G - 3 scrolls of magic mapping
 P - 3 scrolls of holy word
 T - a scroll of blinking
Potions
 c - 3 potions of ambrosia
 g - 2 potions of might
 h - 12 potions of agility
 j - 14 potions of curing
 q - 4 potions of haste
 t - a potion of brilliance
 u - a potion of invisibility
 C - 3 potions of heal wounds
 D - 8 potions of resistance
 K - 7 potions of flight
Books
 I - a manual of Slings
 J - Easy Hermeneutics
   (You found it in Pandemonium)

   Spells                             Type                      Level
   a - Ozocubu's Armour               Charms/Ice                   3
   b - Tukima's Dance                 Hexes                        3
   c - Recall                         Summoning/Translocation      3
   d - Lesser Beckoning               Translocation                3
   e - Teleport Other                 Translocation                3
Miscellaneous
 l - the horn of Geryon
 A - a crystal ball of energy
 L - a phial of floods
 S - a fan of gales
Comestibles
 f - 109 rations


   Skills:
 O Level 27 Fighting
   Level 2.2(22.5) Short Blades
 O Level 27 Long Blades
 + Level 0.4(5.4) Axes
 + Level 2.4(7.4) Throwing
 O Level 27 Armour
 + Level 5.5(10.5) Dodging
 + Level 14.6(19.6) Stealth
 O Level 27 Shields
 + Level 2.5(7.5) Unarmed Combat
 + Level 1.5 Spellcasting
 + Level 21.2 Invocations
 + Level 18.2 Evocations


You had 29 spell levels left.
You didn't know any spells.

Dungeon Overview and Level Annotations

Branches:
Dungeon (15/15)            Temple (1/1) D:4            Lair (6/6) D:8
 Shoals (4/4) Lair:2        Snake (4/4) Lair:3        Slime (5/5) Lair:5
    Orc (2/2) D:10            Elf (3/3) Orc:2        Vaults (5/5) D:13
  Crypt (3/3) Vaults:2       Tomb (0/3) Crypt:3      Depths (5/5) D:15
   Hell (1/1)                 Dis (0/7) Hell            Geh (0/7) Hell
    Coc (0/7) Hell            Tar (0/7) Hell            Zot (5/5) Depths:5

Altars:
Ashenzari
Cheibriados
Dithmenos
Elyvilon
Fedhas
Gozag
Hepliaklqana
Kikubaaqudgha
Makhleb
Okawaru
Qazlal
Sif Muna
Trog
Uskayaw
Vehumet
Wu Jian
Xom
Yredelemnul
Zin
The Shining One
Beogh
Jiyva

Shops:
D:9 =   Orc:2 }}(%   Elf:3 *   Shoals:4 ?   Snake:4 }=}   Vaults:3 ((}
Vaults:4 :   Depths:2 ((([   Depths:4 [   Depths:5 !

Portals:
Hell: Depths:1 Depths:2 Depths:3 Depths:4 Depths:5
Abyss: Depths:2 Depths:4 Depths:5
Pandemonium: Depths:1 Depths:3
Ziggurat: Depths:5

Annotations:
D:14 exclusion: oklob plant, Roxanne
Hell exclusion: ice statue


Innate Abilities, Weirdness & Mutations

You reflexively headbutt those who attack you in melee.
You have a pair of horns on your head.
You are partially covered in icy blue scales. (AC +2)
Scrolls take you a little longer to read.
You are clumsy. (Dex -2)
Armour fits poorly on your strangely shaped body.
You are dopey. (Int -2)
Your flesh is heat resistant. (rF+)
Your magical capacity is low. (-10% MP)
You occasionally shout uncontrollably at your foes.
You are occasionally teleported next to monsters.
You are weak. (Str -2)
Potions are less effective at restoring your health.
Your movements are slightly less encumbered by armour. (ER -2)


Message History

The reaper hits you from afar with a scythe of venom!
* * * LOW HITPOINT WARNING * * *
You are poisoned.
The Executioner hits you!
* * * LOW HITPOINT WARNING * * *
You block the Executioner's attack. The Executioner closely misses you.
The sun demon hits you!
* * * LOW HITPOINT WARNING * * *
You are engulfed in flames.
You resist.
* * * LOW HITPOINT WARNING * * *
You hit Vighob but do no damage.
Vighob is almost dead.
You feel sick.
The Executioner hits you but does no damage. x2
You block the Executioner's attack. Vighob hits you!!
* * * LOW HITPOINT WARNING * * *
You block the Executioner's attack.
The Executioner hits you but does no damage. x2
The sun demon hits you!
You die...

.........(.....................
.............###########..#####
.............###########..#####
........)......................
...[................)..........
######..####..################
#####..####..# ###
..............# #..
............3@# #..
##########..&1###. ###
#..362..1.1& #
#########....'...1.# ###
.)...........'....X. #..
.............###..33 #..
#####..###..# ##.. ### #..#
#..# . #..# #..#


You could see Vighob (invisible), a reaper, an Executioner, 2 sun demons and a
torturous demonspawn.

Vanquished Creatures
  Cerebov (Pan)
  the Royal Jelly (Slime:5)
  Mara (Shoals:4)
  The ghost of spacerossing the Grand Master, a master DsFi of Okawaru (Slime:4)
  2 juggernauts
  4 orbs of fire
  10 ancient liches
  A pandemonium lord (Pan)
  Boris (twice) (Vaults:2 Vaults:4)
  Xtahua (Vaults:3)
  2 curse toes
  Saint Roka (Orc:2)
  Frederick (Vaults:5)
  4 Killer Klowns
  7 caustic shrikes (Depths:4)
  Geryon (Hell)
  17 golden dragons
  Nikola (Depths:2)
  the Enchantress (Depths:2)
  A bone dragon (Crypt:3)
  5 electric golems
  A Brimstone Fiend (Pan)
  Rupert (Lair:4)
  A Tzitzimitl (Pan)
  5 Ice Fiends (Pan)
  Jorgrun (Snake:4)
  20 tentacled monstrosities
  25 Orb Guardians
  4 liches
  5 titans
  22 acid blobs
  A kraken (Shoals:2)
  4 deep elf blademasters
  7 quicksilver dragons
  15 death cobs
  9 sphinxes
  12 shadow dragons
  5 Executioners (Pan)
  Ilsuiw (Shoals:4)
  20 storm dragons
  Donald (Shoals:2)
  8 tengu reavers
  12 draconian monks
  A revenant (Depths:1)
  14 azure jellies
  9 nagarajas
  12 balrugs
  14 fire giants
  The ghost of GotenAND the Severer, a journeyman DDFi of Makhleb (Elf:2)
  4 orc warlords
  15 draconian knights
  3 ghost moths
  3 cacodemons (Pan)
  6 iron dragons
  15 frost giants
  15 draconian scorchers
  Louise (Depths:4)
  Aizul (Depths:2)
  7 deep elf sorcerers
  7 imperial myrmidons (Desolation)
  12 vault wardens
  4 spriggan defenders
  5 ghouls
  7 reapers
  6 draconian stormcallers
  3 warmongers (Pan)
  A curse skull (Crypt:1)
  4 deep elf elementalists
  2 angels (Elf:1)
  11 draconian shifters
  12 very ugly things
  18 ironheart preservers
  9 war gargoyles
  25 stone giants
  8 draconian annihilators
  6 vampire knights
  A blood saint (Pan)
  A corrupter (Pan)
  18 black draconians
  15 green draconians
  A dire elephant (Abyss:3)
  A lorocyproca (Pan)
  7 deep elf demonologists
  23 yellow draconians
  2 halazid warlocks (Desolation)
  14 purple draconians
  11 deep elf annihilators
  25 large abominations
  16 spark wasps
  17 white draconians
  18 ettins
  33 red draconians
  4 green deaths
  3 eidola (Crypt:1)
  3 jiangshi (Crypt:2)
  8 death oozes
  3 crystal guardians (Crypt:3)
  Josephine (D:14)
  3 merfolk javelineers
  21 fire dragons
  10 deep elf death magi
  A minotaur (Lab)
  17 merfolk impalers
  23 great orbs of eyes
  15 yaktaur captains
  Fannar (Orc:1)
  22 ice dragons
  17 servants of whispers (Desolation)
  8 deep elf high priests
  3 monstrous demonspawn (Pan)
  33 vault guards
  A hydra (shapeshifter) (Depths:1)
  7 rakshasas
  2 ice dragons (shapeshifter) (D:15)
  10 hydras
  A caustic shrike simulacrum (Depths:4)
  12 ragged hierophants (Desolation)
  8 centaur warriors
  6 spriggan air magi
  12 naga warriors
  4 peacekeepers (Desolation)
  7 anacondas
  46 two-headed ogres
  2 merfolk avatars (Shoals:4)
  The ghost of kajmaj the Cleaver, a novice MiFi of Makhleb (D:9)
  13 hell hogs
  28 dancing weapons
  6 death knights
  5 merfolk aquamancers
  A catoblepas (Shoals:1)
  17 ogre magi
  A satyr (Shoals:4)
  8 deep troll earth magi
  4 spriggan berserkers
  6 deep troll shamans
  12 tengu warriors
  Urug (D:14)
  An orc high priest (Depths:5)
  4 thrashing horrors (Abyss:3)
  9 vampire magi
  9 naga sharpshooters
  6 small abominations
  6 soul eaters
  3 shock serpents
  16 deep elf knights
  A titan zombie (Depths:4)
  2 iron golems
  37 sun demons
  13 hell knights
  2 shadow wraiths
  2 storm dragon zombies (Hell)
  23 skeletal warriors
  5 sixfirhies
  2 salamander mystics
  A fire crab (Volcano)
  A storm dragon skeleton (Crypt:3)
  3 iron trolls
  2 spark wasp zombies
  7 flayed ghosts
  3 golden dragon zombies (Crypt:3)
  4 wretched stars (Abyss:3)
  3 unseen horrors
  35 deep trolls
  2 shadow demons (Pan)
  2 swamp dragons (Lair:3)
  2 anaconda zombies (Hell)
  2 gelid demonspawn (Pan)
  A kraken simulacrum (Shoals:4)
  9 deep elf archers
  7 sea snakes
  11 phantasmal warriors
  6 wizards
  12 glowing orange brains
  4 infernal demonspawn (Pan)
  11 naga ritualists
  A sphinx zombie (Hell)
  17 necromancers
  An orb spider (shapeshifter) (Vaults:1)
  9 mana vipers
  22 ironbrand convokers
  A golden dragon skeleton (Depths:4)
  17 harpies
  30 ugly things
  4 wolf spiders
  81 deep elf magi
  8 orc sorcerers
  An anaconda skeleton (Hell)
  13 orc knights
  19 salamanders
  6 shining eyes
  A cyclops (shapeshifter) (D:15)
  2 oklob plants (Lair:2)
  13 manticores
  A frost giant zombie (Hell)
  A salamander (shapeshifter) (Vaults:5)
  A sphinx skeleton (Vaults:4)
  An iron dragon zombie (Hell)
  7 fauns
  A fire giant zombie (Hell)
  Maurice (D:10)
  2 worldbinders (Abyss:3)
  9 merfolk sirens
  7 rust devils
  3 cyclopes
  44 black mambas
  38 moths of wrath
  A molten gargoyle (Depths:1)
  A black mamba (shapeshifter) (Depths:2)
  6 water nymphs
  A guardian serpent (shapeshifter) (Depths:1)
  11 elephants
  An apocalypse crab (Abyss:3)
  28 naga magi
  18 vault sentinels
  2 human skeletons (Vaults:3)
  19 eyes of devastation
  2 fire giant skeletons (Crypt:3)
  An iron dragon skeleton (Crypt:3)
  Psyche (D:10)
  7 guardian serpents
  32 spiny frogs
  3 gargoyles
  A frost giant skeleton (Crypt:3)
  The ghost of tidbits the Insei, a novice GnTm (D:8)
  15 orange demons
  22 smoke demons
  A yellow draconian zombie (Crypt:2)
  A spriggan zombie (Hell)
  5 komodo dragons
  A rime drake (shapeshifter) (Vaults:4)
  4 rime drakes
  11 efreet
  A demonic crawler (Abyss:3)
  15 freezing wraiths
  3 hellions
  A yaktaur (shapeshifter) (Elf:2)
  A yellow draconian skeleton (Crypt:1)
  15 red devils
  4 hellwings (Pan)
  42 yaktaurs
  2 ice devils (Hell)
  A death yak skeleton (Crypt:2)
  A green draconian skeleton (Crypt:1)
  6 tengu conjurers
  3 meliai (D:14)
  A minotaur zombie (Lab)
  An ancient zyme (Abyss:3)
  2 hydra zombies (Hell)
  A meliai (shapeshifter) (Depths:1)
  A queen bee (Depths:3)
  41 merfolk
  2 polar bears
  2 hornets (shapeshifter)
  A harpy skeleton (D:15)
  A polar bear (shapeshifter) (Vaults:3)
  7 trolls
  2 wind drakes (Shoals:1)
  A jumping spider (shapeshifter) (D:15)
  5 hornets
  3 tyrant leeches (Lair:6)
  74 saltlings (Desolation)
  Grinder (D:3)
  A slime creature (shapeshifter) (Vaults:4)
  30 blink frogs
  83 slime creatures
  A hippogriff (shapeshifter) (D:15)
  13 dream sheep
  3 bog bodies (Crypt:2)
  6 snapping turtles
  A hydra skeleton (Crypt:1)
  An alligator zombie (Crypt:3)
  13 hippogriffs
  An ettin zombie (Vaults:4)
  A deep troll zombie (Hell)
  9 starcursed masses (Abyss:3)
  30 flying skulls
  11 wraiths
  7 air elementals
  4 spriggans
  A vampire (D:13)
  A spriggan (shapeshifter) (D:15)
  29 yaks
  An alligator skeleton (Crypt:3)
  43 water elementals
  10 basilisks
  10 ynoxinuls
  29 fire elementals
  A hog (shapeshifter) (D:13)
  5 neqoxecs
  8 golden eyes
  2 humans (shapeshifter)
  A steam dragon (shapeshifter) (Vaults:1)
  2 steam dragons (Volcano)
  A yak (shapeshifter) (Vaults:2)
  18 fire bats
  A golden eye (shapeshifter) (Elf:2)
  3 hungry ghosts
  Grum (D:8)
  A swamp worm (shapeshifter) (Vaults:4)
  13 vampire mosquitoes
  7 wargs
  A soldier ant (D:15)
  64 nagas
  An acid dragon (D:13)
  9 hell hounds
  A spiny frog zombie (Hell)
  11 water moccasins
  A floating eye (shapeshifter) (Depths:1)
  5 porcupines
  A water nymph skeleton (Crypt:2)
  2 phantoms
  A swamp drake (shapeshifter) (Vaults:5)
  A meliai simulacrum (D:15)
  24 orc warriors
  4 ice beasts
  3 sky beasts
  4 eyes of draining
  A swamp dragon zombie (Crypt:2)
  2 ettin simulacra (Vaults:4)
  6 necrophages
  2 spiny frog skeletons (Hell)
  An ogre (shapeshifter) (Vaults:5)
  6 wolves
  15 boggarts
  46 ogres
  21 centaurs
  8 crocodiles
  A swamp dragon skeleton (Crypt:2)
  A fire crab zombie (Crypt:1)
  A human zombie (Vaults:3)
  Blork the orc (D:5)
  2 yaktaur zombies
  16 bullfrogs
  2 big kobolds (D:8)
  5 earth elementals
  A wyvern skeleton (Crypt:1)
  A warg zombie (Crypt:2)
  A scorpion (D:14)
  23 killer bees
  5 wights (D:15)
  9 howler monkeys
  4 electric eels
  A crimson imp (D:12)
  8 lava snakes
  2 quasits
  A human simulacrum (Vaults:3)
  4 bullfrog zombies
  6 centaur zombies
  9 hounds
  8 jellies
  A soldier ant zombie (Crypt:1)
  4 bullfrog skeletons
  20 orc priests
  21 orc wizards
  5 centaur skeletons
  2 iron imps (Hell)
  3 iguanas
  6 hell rats (Lair:3)
  9 worker ants
  A killer bee zombie (Crypt:2)
  A demigod zombie (Crypt:1)
  A worker ant zombie (D:9)
  14 gnolls
  10 adders
  A scorpion zombie (Crypt:1)
  5 shadow imps
  A white imp (Abyss:3)
  An ufetubus (Abyss:3)
  5 oozes (D:13)
  3 adder skeletons
  An adder zombie (D:7)
  4 dart slugs
  4 worms
  6 leopard geckos
  118 orcs
  2 giant cockroaches
  7 hobgoblins
  7 jackals
  2 quokkas (D:3)
  2 ball pythons
  8 bats
  4 frilled lizards
  A frilled lizard zombie (Crypt:2)
  9 goblins
  A goblin skeleton (Crypt:1)
  16 kobolds
  A quokka zombie (D:9)
  5 rats
  4 crawling corpses
  A fire vortex (Lair:1)
  2 fungi (Lair:1)
  4 plants
  A tentacle (Shoals:2)
  A withered plant (Shoals:1)
3275 creatures vanquished.

Vanquished Creatures (others)
  A deep elf master archer (Elf:3)
  Frances (Snake:2)
  A vault warden (Vaults:5)
  A ghost moth (Zot:5)
  3 stone giants
  A deep elf annihilator (Elf:3)
  A purple draconian (Zot:2)
  2 merfolk javelineers (Shoals:4)
  4 yaktaur captains
  2 centaur warriors
  2 dancing weapons
  A hell hog (Depths:1)
  A naga sharpshooter (Snake:4)
  An orc knight (Vaults:5)
  A deep elf archer (Elf:3)
  A deep elf mage (Vaults:1)
  2 cyclopes
  An eye of devastation (Depths:2)
  A smoke demon (Pan)
  17 yaktaurs
  A demonic crawler (Hell)
  A hornet (Vaults:4)
  A fire bat (Volcano)
  A fire elemental (Zot:3)
  A golden eye (Depths:2)
  2 ogres
  3 centaurs
  An orc (Vaults:1)
  3 kobolds (D:8)
  2 fire vortices (Pan)
  10 fungi
  48 plants
  9 tentacles
  13 toadstools (D:14)
141 creatures vanquished.

Grand Total: 3416 creatures vanquished

Notes
Turn   | Place    | Note
-------+----------+-------------------------------------------
     0 | D:1      | Peloso the Minotaur Fighter began the quest for the Orb.
     0 | D:1      | Reached XP level 1. HP: 19/19 MP: 0/0
   261 | D:1      | Reached XP level 2. HP: 23/27 MP: 1/1
   930 | D:2      | Reached XP level 3. HP: 24/33 MP: 2/2
  1022 | D:2      | Found a bloodstained altar of Trog.
  1167 | D:2      | Reached XP level 4. HP: 41/41 MP: 3/3
  1792 | D:3      | Reached XP level 5. HP: 37/47 MP: 4/4
  2047 | D:3      | Reached skill level 5 in Fighting
  2047 | D:3      | Reached skill level 5 in Armour
  2062 | D:3      | Found a bloodstained altar of Trog.
  2096 | D:3      | Noticed Grinder
  2101 | D:3      | Reached XP level 6. HP: 15/56 MP: 5/5
  2101 | D:3      | Killed Grinder
  2101 | D:3      | Reached skill level 5 in Long Blades
  2101 | D:3      | Reached skill level 1 in Dodging
  2698 | D:4      | Reached skill level 5 in Shields
  2698 | D:4      | Reached XP level 7. HP: 60/61 MP: 6/6
  2916 | D:4      | Found a staircase to the Ecumenical Temple.
  2938 | Temple   | Entered the Ecumenical Temple
  2952 | Temple   | Became a worshipper of Warmaster Okawaru
  3138 | D:4      | Found an opulent altar of Gozag.
  3144 | D:4      | Found a hazy altar of Hepliaklqana.
  3144 | D:4      | Found a radiant altar of Vehumet.
  3144 | D:4      | Found a basalt altar of Yredelemnul.
  3145 | D:4      | Found a shadowy altar of Dithmenos.
  3145 | D:4      | Found a hide-covered altar of Uskayaw.
  3147 | D:4      | Found a deep blue altar of Sif Muna.
  3357 | D:5      | Entered Level 5 of the Dungeon
  3636 | D:5      | Reached * piety under Okawaru
  3644 | D:5      | Reached XP level 8. HP: 53/70 MP: 7/7
  3737 | D:5      | Found an ornate altar of the Wu Jian Council.
  3823 | D:5      | Found a glowing golden altar of the Shining One.
  4013 | D:5      | Noticed Blork the orc
  4020 | D:5      | Killed Blork the orc
  4859 | D:6      | Noticed a hippogriff
  4871 | D:6      | Killed a hippogriff
  5089 | D:7      | Found a shattered altar of Ashenzari.
  5190 | D:7      | Reached ** piety under Okawaru
  5381 | D:7      | You fall through a shaft for 2 floors!
  5507 | D:9      | Reached XP level 9. HP: 78/78 MP: 5/8
  5557 | D:9      | Noticed kajmaj's ghost (novice MiFi)
  5594 | D:9      | Killed kajmaj's ghost
  5594 | D:9      | Reached *** piety under Okawaru
  5782 | D:9      | Reached **** piety under Okawaru
  5950 | D:9      | Found Wuyjuqeh's Jewellery Boutique.
  6093 | D:8      | Found a staircase to the Lair.
  6351 | D:8      | Reached skill level 10 in Long Blades
  6569 | D:8      | Noticed Grum
  6581 | D:8      | Killed Grum
  6973 | D:8      | Reached XP level 10. HP: 75/88 MP: 9/9
  7394 | D:8      | Noticed tidbits's ghost (novice GnTm)
  7426 | D:8      | Killed tidbits's ghost
  7556 | D:8      | Found Ysedghiyq's Jewellery Shop.
  7559 | D:8      | Received a gift from Okawaru
  8029 | D:10     | Entered Level 10 of the Dungeon
  8136 | D:10     | Noticed a two-headed ogre
  8144 | D:10     | Killed a two-headed ogre
  8148 | D:10     | Reached ***** piety under Okawaru
  8408 | D:10     | Noticed Maurice
  8434 | D:10     | Killed Maurice
  8434 | D:10     | Reached skill level 10 in Shields
  8666 | D:10     | Noticed an orc knight
  8684 | D:10     | Killed an orc knight
  8684 | D:10     | Reached skill level 10 in Armour
  8789 | D:10     | Noticed Psyche
  8800 | D:10     | Killed Psyche
  8910 | D:10     | Found a roughly hewn altar of Beogh.
  8910 | D:10     | Found a staircase to the Orcish Mines.
  9207 | D:10     | Reached XP level 11. HP: 89/95 MP: 10/10
  9527 | D:11     | Killed an unseen horror
  9527 | D:11     | Reached skill level 1 in Invocations
 10455 | D:11     | Killed an unseen horror
 10916 | D:12     | Noticed a brown ugly thing
 10930 | D:12     | Killed a brown ugly thing
 10930 | D:12     | Reached ****** piety under Okawaru
 10930 | D:12     | Reached skill level 1 in Evocations
 11301 | D:12     | Got a jewelled shield
 11307 | D:12     | Identified the +4 shield of Action {rN+ Dex+4} (You found it on level 12 of the Dungeon)
 11720 | D:13     | Noticed a two-headed ogre
 11735 | D:13     | Killed a two-headed ogre
 11735 | D:13     | Received a gift from Okawaru
 11741 | D:13     | Found a labyrinth entrance.
 11748 | Lab      | Entered a labyrinth
 12614 | Lab      | Noticed a minotaur
 12621 | Lab      | Killed a minotaur
 12626 | Lab      | Found the ominously black robe
 12791 | D:13     | Noticed a two-headed ogre
 12807 | D:13     | Killed a two-headed ogre
 13185 | D:13     | Reached XP level 12. HP: 105/106 MP: 12/12
 13217 | D:13     | Noticed a tengu warrior
 13230 | D:13     | Killed a tengu warrior
 13546 | D:13     | Found a gate to the Vaults.
 13546 | D:13     | Noticed a vault guard
 13575 | D:13     | Killed a vault guard
 13575 | D:13     | Received a gift from Okawaru
 13575 | D:13     | Reached skill level 1 in Stealth
 13941 | D:13     | Reached skill level 10 in Fighting
 14238 | Lair:1   | Entered Level 1 of the Lair of Beasts
 15285 | Lair:2   | Noticed a five-headed hydra
 15540 | Lair:2   | Killed a five-headed hydra
 15922 | Lair:2   | Found a staircase to the Shoals.
 16151 | Lair:3   | Received a gift from Okawaru
 16164 | Lair:3   | Got a pair of twisted boots {god gift}
 16170 | Lair:3   | Identified the +1 pair of boots "Niexavoph" {rN++ rCorr SInv Stlth-} (Okawaru gifted it to you on level 3 of the Lair of Beasts)
 16224 | Lair:3   | Found a dark tunnel.
 16273 | Volcano  | Entered a volcano
 16325 | Volcano  | Reached XP level 13. HP: 114/114 MP: 14/14
 16428 | Volcano  | Found a burning altar of Makhleb.
 16698 | Lair:3   | Found a transporter.
 17053 | Lair:3   | Reached skill level 15 in Shields
 17168 | Lair:3   | Found a staircase to the Snake Pit.
 17331 | Lair:3   | Found a transporter.
 17838 | Lair:3   | Got a warped hand axe
 17839 | Lair:3   | Identified the +5 hand axe of Fisipo {venom, rElec MP+9} (You found it on level 3 of the Lair of Beasts)
 17980 | Orc:1    | Entered Level 1 of the Orcish Mines
 18115 | Orc:1    | Noticed Fannar
 18153 | Orc:1    | Killed Fannar
 18267 | Orc:1    | Received a gift from Okawaru
 18562 | Orc:2    | Entered Level 2 of the Orcish Mines
 18712 | Orc:2    | Found a staircase to the Elven Halls.
 19178 | Orc:2    | Received a gift from Okawaru
 19192 | Orc:2    | Noticed Saint Roka
 19201 | Orc:2    | Got a dazzling scimitar {god gift}
 19217 | Orc:1    | Identified the +2 scimitar of the Peculiar Places {venom, rN+ Dex+4} (Okawaru gifted it to you on level 2 of the Orcish Mines)
 19557 | Orc:2    | Paralysed by an orc sorcerer for 2 turns
 19568 | Orc:1    | Reached XP level 14. HP: 45/124 MP: 9/15
 19706 | Orc:2    | Killed Saint Roka
 19706 | Orc:2    | Received a gift from Okawaru
 19934 | Orc:2    | Found Ydwis Deq's Weapon Shop.
 19934 | Orc:2    | Found Xuomn's Gadget Emporium.
 19934 | Orc:2    | Found Gebuesoo's Food Shoppe.
 19934 | Orc:2    | Found Gilugg's Gadget Shop.
 19942 | Orc:2    | Reached skill level 15 in Long Blades
 20257 | D:14     | Noticed Josephine
 20270 | D:14     | Killed Josephine
 20946 | D:14     | Noticed Urug
 20953 | D:14     | Received a gift from Okawaru
 20965 | D:14     | Killed Urug
 20972 | D:14     | Got a polished scimitar {god gift}
 20973 | D:14     | Identified the +0 scimitar of Ziggecsa {slice, rN++} (Okawaru gifted it to you on level 14 of the Dungeon)
 21002 | D:14     | Noticed Roxanne
 21283 | D:14     | Found a blossoming altar of Fedhas.
 22158 | Lair:3   | Got a pair of transparent boots
 22169 | Lair:3   | Identified the cursed +0 pair of boots of the Orcish Mines {*Contam rElec Dex+4} (You found it on level 3 of the Lair of Beasts)
 22248 | Lair:2   | Gained mutation: You tend to lose your temper in combat. [mutagenic glow]
 22729 | Lair:4   | Received a gift from Okawaru
 22894 | Lair:4   | Noticed Rupert
 22914 | Lair:4   | Killed Rupert
 22914 | Lair:4   | Reached XP level 15. HP: 135/135 MP: 8/16
 23825 | Lair:5   | Found a staircase to the Slime Pits.
 23826 | Lair:5   | Found a viscous altar of Jiyva.
 24732 | Lair:6   | Entered Level 6 of the Lair of Beasts
 25196 | Lair:6   | Received a gift from Okawaru
 25370 | Lair:6   | Received a gift from Okawaru
 25567 | Lair:6   | Got a transparent trident
 25568 | Lair:6   | Identified the +5 trident "Jellybane" {antimagic, MR++} (You found it on level 6 of the Lair of Beasts)
 26315 | D:15     | Entered Level 15 of the Dungeon
 26933 | D:15     | Paralysed by a hornet for 3 turns
 27062 | D:15     | Reached XP level 16. HP: 132/146 MP: 17/17
 27748 | D:15     | Found a staircase to the Depths.
 28136 | Snake:1  | Entered Level 1 of the Snake Pit
 28210 | Snake:1  | Received a gift from Okawaru
 28825 | Snake:1  | Reached skill level 15 in Armour
 29306 | Snake:2  | Noticed Frances
 29325 | Snake:2  | Killed Frances
 29462 | Snake:2  | Got a faintly glowing granite ring
 29474 | Snake:2  | Identified the ring "Roynna" {+Inv rF+ Str+3 Dex+3} (You found it on level 2 of the Snake Pit)
 29530 | Snake:2  | Received a gift from Okawaru
 30199 | Snake:3  | Reached skill level 15 in Fighting
 30873 | Snake:3  | Reached XP level 17. HP: 121/156 MP: 18/18
 30954 | Snake:3  | Received a gift from Okawaru
 31799 | Elf:1    | Entered Level 1 of the Elven Halls
 31894 | Elf:1    | HP: 6/156 [deep elf mage/bolt of cold (10)]
 32131 | Elf:1    | Found a portal to a secret trove of treasure.
 32229 | Elf:1    | Found a glowing golden altar of the Shining One.
 32229 | Elf:1    | Found a white marble altar of Elyvilon.
 32229 | Elf:1    | Found a ruined gateway.
 32253 | Elf:1    | Found a glowing silver altar of Zin.
 32372 | Desolati | Entered the Desolation of Salt
 32942 | Desolati | Got a transparent short sword
 32950 | Desolati | Got a crude plate armour
 32961 | Desolati | Identified the +2 plate armour of the Bruised Beggars {Str+2} (You found it in the Desolation of Salt)
 32983 | Desolati | Identified the +7 short sword of Disharmony {antimagic, MR+ Int+4 Dex+3} (You found it in the Desolation of Salt)
 33132 | Desolati | Received a gift from Okawaru
 33153 | Desolati | Reached skill level 1 in Short Blades
 33185 | Desolati | Got a scorched long sword {god gift}
 33186 | Desolati | Lost intelligence.
 33186 | Desolati | Identified the +9 long sword of the Bouncing Wishes {drain, Str+6 Int-5} (Okawaru gifted it to you in the Desolation of Salt)
 33333 | Desolati | Found the +9 scales of the Dragon King {rPois rF+ rC+ MR+}
 33333 | Desolati | Found the +7 great mace "Undeadhunter" {disrupt, rN+}
 33360 | Desolati | Got a slimy granite ring
 33361 | Desolati | Identified the ring of the Philosopher {*Corrode rN+ Dex+6 Slay+3} (You found it in the Desolation of Salt)
 33990 | Desolati | Received a gift from Okawaru
 34011 | Desolati | Got a jet-encrusted chain mail {god gift}
 34563 | Desolati | Identified Plog's Grimoire of Creative Arcane Weapons
 34734 | Desolati | Reached XP level 18. HP: 102/166 MP: 20/20
 35845 | Elf:1    | Gained mutation: Your body sometimes deteriorates upon taking damage. [a neqoxec]
 36750 | Lair:1   | Identified the +1 chain mail of Niset {MR+ Int+3} (Okawaru gifted it to you in the Desolation of Salt)
 37151 | Elf:1    | You paid a toll of a +5 demon blade to enter a treasure trove
 37152 | Trove    | Entered a treasure trove
 37222 | Trove    | Got a warped turquoise ring
 37249 | Trove    | Identified the ring of Zin's Pride {rF+ MP-9 Str+2 Int+2 SInv} (You found it in a treasure trove)
 37255 | Trove    | Got a brightly glowing bone ring
 37259 | Trove    | Identified the ring "Wiekuwk" {rC- MR+ Str+2 Dex+3 SInv} (You found it in a treasure trove)
 37286 | Trove    | Got a crude steel ring
 37291 | Trove    | Identified the ring of Finality {rPois rC+ rN+++ MR- MP+9} (You found it in a treasure trove)
 37316 | Trove    | Got a shimmering great sword
 37326 | Trove    | Got a smoking arbalest
 37625 | Lair:1   | Identified the +5 great sword of Defenestration {slice, rElec Str+2 Dex+2} (You found it in a treasure trove)
 37633 | Lair:1   | Identified the cursed +0 arbalest "Damen" {flame, rElec rPois rF+++ rC-} (You found it in a treasure trove)
 37871 | Snake:4  | Entered Level 4 of the Snake Pit
 37902 | Snake:4  | Found Mampufra's Gadget Shop.
 37903 | Snake:4  | Found Vel Sief's Jewellery Shoppe.
 38066 | Snake:4  | Noticed Jorgrun
 38081 | Snake:4  | Killed Jorgrun
 38296 | Snake:4  | Received a gift from Okawaru
 38685 | Snake:4  | Found Ithued's Gadget Shop.
 38693 | Snake:4  | Bought the amulet of Vitality {Regen+ HP+15} for 1580 gold pieces
 38693 | Snake:4  | Found the amulet of Vitality {Regen+ HP+15}
 40196 | Snake:4  | Reached skill level 5 in Invocations
 40259 | Snake:4  | Got a serpentine rune of Zot
 40432 | Snake:4  | Reached XP level 19. HP: 177/177 MP: 21/21
 41483 | Elf:2    | Found a runed gate.
 41483 | Elf:2    | Found a runed gate.
 41499 | Elf:2    | Found a runed gate.
 41799 | Elf:2    | Noticed GotenAND's ghost (journeyman DDFi)
 41818 | Elf:2    | Killed GotenAND's ghost
 41818 | Elf:2    | Received a gift from Okawaru
 42561 | Elf:3    | Entered Level 3 of the Elven Halls
 43177 | Elf:3    | Found Esigh's General Store.
 43890 | Elf:3    | Got a sparkling lead ring
 44146 | Elf:3    | Received a gift from Okawaru
 44408 | Elf:3    | Got a steaming emerald amulet
 44482 | Elf:3    | Identified the amulet "Lunukh" {RegenMP Str+2} (You took it off a deep elf sorcerer on level 3 of the Elven Halls)
 44752 | Elf:3    | Reached XP level 20. HP: 175/187 MP: 22/22
 44803 | Elf:3    | Identified the ring of Taimojif {+Inv +Fly rPois Str+2} (You took it off a deep elf blademaster on level 3 of the Elven Halls)
 44852 | Elf:3    | Got faintly glowing swamp dragon scales
 44865 | Elf:3    | Identified the +1 swamp dragon scales "Geciuz" {rPois rCorr Str-4 Int+4 Dex+3} (You took it off a deep elf blademaster on level 3 of the Elven Halls)
 44876 | Elf:3    | Got a twitching golden ring
 45327 | Lair:1   | Identified the cursed ring of Gopienesch {+Fly rC- MP+9 Int-6 SInv Stlth+} (You took it off a deep elf death mage on level 3 of the Elven Halls)
 45442 | Shoals:1 | Entered Level 1 of the Shoals
 46493 | Shoals:1 | Received a gift from Okawaru
 46505 | Shoals:1 | Got a translucent falchion {god gift}
 46506 | Shoals:1 | Identified the +1 falchion "Ithiheb" {drain, *Noise Int+4 Dex+6} (Okawaru gifted it to you on level 1 of the Shoals)
 47288 | Shoals:2 | Noticed Donald
 47307 | Shoals:2 | Killed Donald
 47936 | Shoals:4 | Entered Level 4 of the Shoals
 48184 | Shoals:4 | Received a gift from Okawaru
 48363 | Shoals:4 | Noticed Ilsuiw
 48392 | Shoals:4 | Killed Ilsuiw
 48536 | Shoals:4 | Noticed Mara
 48552 | Shoals:4 | Noticed Peloso's illusion
 48580 | Shoals:4 | Killed Mara
 48737 | Shoals:4 | Found Butiwone's Magic Scroll Shop.
 48745 | Shoals:4 | Bought a scroll of enchant weapon for 120 gold pieces
 48745 | Shoals:4 | Bought a scroll of teleportation for 48 gold pieces
 48745 | Shoals:4 | Bought a scroll of teleportation for 48 gold pieces
 49418 | Shoals:4 | Got a barnacled rune of Zot
 50161 | Vaults:1 | Entered Level 1 of the Vaults
 50273 | Vaults:1 | Reached XP level 21. HP: 195/195 MP: 23/23
 50320 | Vaults:1 | Received a gift from Okawaru
 51055 | Vaults:1 | Received a gift from Okawaru
 51080 | Vaults:1 | Reached skill level 27 in Shields
 51300 | Vaults:1 | Got a faintly glowing jade ring
 52507 | Vaults:2 | Received a gift from Okawaru
 52808 | Vaults:2 | Found a staircase to the Crypt.
 53049 | Vaults:2 | Noticed Boris
 53058 | Vaults:2 | Killed Boris
 53128 | Vaults:2 | Got a shimmering short sword
 53129 | Vaults:2 | Identified the ring of Xeklekac {+Fly rElec} (You took it off a vault sentinel on level 1 of the Vaults)
 53360 | Vaults:2 | Received a gift from Okawaru
 53363 | Vaults:2 | Got a transparent scimitar {god gift}
 53381 | Vaults:2 | Identified the +9 scimitar "Lobyig" {freeze, Dex+4} (Okawaru gifted it to you on level 2 of the Vaults)
 53535 | Vaults:3 | Noticed Xtahua
 53543 | Vaults:3 | Killed Xtahua
 53543 | Vaults:3 | Reached XP level 22. HP: 173/209 MP: 24/24
 53809 | Vaults:3 | Found Mielunig's Antique Weapon Shop.
 53818 | Vaults:3 | Identified the +8 short sword of the Firefly {holy, Int+3} (You found it on level 2 of the Vaults)
 54865 | Vaults:3 | Found Ballai's Gadget Shop.
 54946 | Vaults:3 | Received a gift from Okawaru
 54960 | Vaults:3 | Got an iridescent long sword {god gift}
 54961 | Vaults:3 | Identified the +5 long sword of Hatred {freeze, rN++ MP+9 Stlth-} (Okawaru gifted it to you on level 3 of the Vaults)
 55112 | Vaults:3 | Found Zeleypaiwn's Antique Weapon Emporium.
 55625 | Vaults:4 | Found Ewes's Book Shop.
 55695 | Vaults:4 | Noticed Boris
 55709 | Vaults:4 | Killed Boris
 56037 | Vaults:4 | Identified a scroll of acquirement
 56039 | Vaults:4 | Received a gift from Okawaru
 56265 | Vaults:4 | Got a brightly glowing jade ring
 56266 | Vaults:4 | Identified the ring "Famuar" {Wiz rElec Slay+3 SInv} (You acquired it on level 4 of the Vaults)
 57006 | Vaults:5 | Entered Level 5 of the Vaults
 57036 | Vaults:4 | Received a gift from Okawaru
 57294 | Vaults:5 | Noticed a golden dragon
 57343 | Vaults:5 | Noticed an ancient lich
 57348 | Vaults:4 | Reached XP level 23. HP: 223/223 MP: 25/25
 57471 | Vaults:4 | Killed an ancient lich
 57898 | Vaults:4 | Received a gift from Okawaru
 57920 | Vaults:4 | Got a crude demon blade {god gift}
 57925 | Vaults:4 | Identified the +8 demon blade of Zozufyts {venom, *Noise +Blink rF+++ Dex+3} (Okawaru gifted it to you on level 4 of the Vaults)
 58328 | Vaults:5 | Received a gift from Okawaru
 58466 | Vaults:5 | Noticed Frederick
 58477 | Vaults:5 | Killed Frederick
 59058 | Vaults:5 | Got a twitching copper ring
 59125 | Vaults:5 | Got a silver rune of Zot
 59533 | Lair:1   | Identified the ring "Uliupt" {-Tele Int+5 SInv} (You took it off a deep elf death mage on level 5 of the Vaults)
 60224 | Vaults:5 | Found the +7 Kryia's mail coat {PotionHeal*2 rC+}
 60258 | Vaults:5 | Found the +4 arc blade {discharge, rElec}
 61252 | Crypt:1  | Entered Level 1 of the Crypt
 61314 | Crypt:1  | Reached XP level 24. HP: 203/236 MP: 26/26
 61837 | Crypt:1  | Received a gift from Okawaru
 62713 | Crypt:3  | Entered Level 3 of the Crypt
 62976 | Crypt:3  | Received a gift from Okawaru
 63068 | Crypt:3  | Found an ancient bone altar of Kikubaaqudgha.
 63069 | Crypt:3  | Noticed an ancient lich
 63077 | Crypt:3  | Killed an ancient lich
 63204 | Crypt:3  | Got a pair of brightly glowing gloves
 63215 | Crypt:3  | Identified the cursed +0 pair of gloves of Impatience {rN++ Regen+ Int-2 Slay+2} (You found it on level 3 of the Crypt)
 63390 | Crypt:3  | Received a gift from Okawaru
 63400 | Crypt:3  | Got a crude rapier {god gift}
 63726 | Crypt:3  | Found a staircase to the Tomb.
 64355 | Lair:1   | Identified the +7 rapier of the Shark {elec, -Tele rPois Int+5} (Okawaru gifted it to you on level 3 of the Crypt)
 64711 | Depths:1 | Entered Level 1 of the Depths
 65889 | Depths:1 | Found a gateway to Hell.
 65966 | Depths:1 | Received a gift from Okawaru
 66089 | Depths:1 | Found a runed door.
 66272 | Depths:1 | Got a coiled ivory ring
 66274 | Depths:1 | Identified the ring of Vodewan {*Contam rPois Dex+2 Stlth+} (You found it on level 1 of the Depths)
 66513 | Depths:1 | Found a one-way gate leading to the halls of Pandemonium.
 66783 | Depths:2 | Noticed the Enchantress
 66800 | Depths:2 | Cast into level 3 of the Abyss (the Enchantress)
 66928 | Abyss:3  | Found a corrupted altar of Lugonu.
 66987 | Abyss:3  | Received a gift from Okawaru
 66987 | Abyss:3  | Reached XP level 25. HP: 249/249 MP: 26/26
 67161 | Abyss:3  | Found a corrupted altar of Lugonu.
 67280 | Depths:2 | Escaped the Abyss
 67287 | Depths:2 | Killed the Enchantress
 67309 | Depths:2 | Got faerie dragon scales
 67592 | Depths:2 | Found a one-way gate to the infinite horrors of the Abyss.
 67810 | Depths:2 | Found Buifud's Antique Weapon Emporium.
 67817 | Depths:2 | Found Saaskor's Antique Weapon Emporium.
 67818 | Depths:2 | Found Baewimew's Weapon Emporium.
 67823 | Depths:2 | Found Niykeq's Antique Armour Emporium.
 67981 | Depths:2 | Noticed Aizul
 68004 | Depths:2 | Noticed Nikola
 68022 | Depths:2 | Killed Aizul
 68036 | Depths:2 | Killed Nikola
 68054 | Depths:2 | Received a gift from Okawaru
 69605 | Depths:3 | Found a runed door.
 69638 | Depths:3 | Received a gift from Okawaru
 70155 | Depths:3 | Noticed a juggernaut
 70171 | Depths:3 | Killed a juggernaut
 70464 | Depths:3 | Got a scintillating iron ring
 70886 | Lair:1   | Identified the +0 faerie dragon scales {rC+ rCorr} (You took it off the Enchantress on level 2 of the Depths)
 70989 | Lair:1   | Identified the ring "Nerymi" {MR+ Str+2 Int-3 Stlth-} (You took it off a frost giant on level 3 of the Depths)
 71086 | Lair:1   | Reached skill level 1 in Throwing
 71086 | Lair:1   | Reached skill level 1 in Unarmed Combat
 71086 | Lair:1   | Reached XP level 26. HP: 264/264 MP: 26/26
 71433 | Depths:4 | Found Eqie's Antique Armour Shoppe.
 71459 | Depths:4 | Bought a pair of dazzling boots for 456 gold pieces
 71469 | Depths:4 | Identified the cursed +0 pair of boots of Eternity {rC++ Dex+4} (You bought it in a shop on level 4 of the Depths)
 72490 | Depths:3 | Reached XP level 27. HP: 270/271 MP: 26/26
 72703 | Depths:4 | Noticed Louise
 72713 | Depths:4 | Killed Louise
 72878 | Depths:4 | Reached skill level 5 in Evocations
 73020 | Depths:4 | Received a gift from Okawaru
 73037 | Depths:4 | Received a gift from Okawaru
 73052 | Depths:4 | Noticed a juggernaut
 73058 | Depths:4 | Killed a juggernaut
 73063 | Depths:4 | Reached skill level 27 in Fighting
 73219 | Depths:4 | Reached skill level 27 in Long Blades
 73442 | Depths:4 | Received a gift from Okawaru
 73907 | Depths:4 | Got a smoking granite ring
 73908 | Depths:4 | Identified the ring "Mikuvebu" {Wiz *Drain rPois rN++ MR+} (You found it on level 4 of the Depths)
 74030 | Depths:5 | Entered Level 5 of the Depths
 74430 | Depths:5 | Found a gateway to a ziggurat.
 74752 | Depths:5 | Found Emulohio's Distillery.
 74755 | Depths:5 | Bought a potion of heal wounds for 125 gold pieces
 74755 | Depths:5 | Bought a potion of haste for 250 gold pieces
 75076 | Depths:5 | Received a gift from Okawaru
 75088 | Depths:5 | Found a gate to the Realm of Zot.
 76080 | Zot:1    | Entered Level 1 of the Realm of Zot
 76842 | Zot:1    | Reached skill level 27 in Armour
 76887 | Zot:1    | Reached skill level 5 in Dodging
 76887 | Zot:1    | Reached skill level 1 in Spellcasting
 77677 | Slime:1  | Entered Level 1 of the Pits of Slime
 77718 | Slime:1  | Gained mutation: You are frail. (-10% HP) [a shining eye]
 77721 | Slime:1  | Gained mutation: Your body often deteriorates upon taking damage. [a shining eye]
 77817 | Slime:3  | Gained mutation: You are dopey. (Int -2) [a shining eye]
 77823 | Slime:3  | Received a gift from Okawaru
 78098 | Slime:4  | Noticed spacerossing's ghost (master DsFi)
 78116 | Slime:4  | Killed spacerossing's ghost
 78116 | Slime:4  | Received a gift from Okawaru
 78139 | Slime:4  | Got a polished scimitar {god gift}
 78140 | Slime:4  | Identified the +0 scimitar of Egalitarianism {flame, +Rage +Fly} (Okawaru gifted it to you on level 4 of the Pits of Slime)
 78155 | Slime:5  | Entered Level 5 of the Pits of Slime
 78170 | Slime:5  | Gained mutation: You expend magic power (3 MP) to strengthen your wands. [a shining eye]
 78173 | Slime:5  | Gained mutation: You are very frail. (-20% HP) [a shining eye]
 78230 | Slime:5  | Reached skill level 5 in Stealth
 78407 | Slime:5  | Gained mutation: You are weak. (Str -2) [a shining eye]
 78462 | Slime:5  | Received a gift from Okawaru
 78522 | Slime:5  | Found a viscous altar of Jiyva.
 78534 | Slime:5  | Found the +3 warlock's mirror {reflect}
 78667 | Slime:5  | Noticed the Royal Jelly
 78688 | Slime:5  | Killed the Royal Jelly
 79406 | Slime:5  | Got a slimy rune of Zot
 79438 | Slime:5  | Got a warped falchion
 79439 | Slime:5  | Identified the +10 falchion "Icraipuo" {flame, Fragile rElec Int+10} (You found it on level 5 of the Pits of Slime)
 79447 | Slime:5  | Got a sparkling copper ring
 79448 | Slime:5  | Identified the ring "Sode Zukk" {EV+5 Dex+3} (You found it on level 5 of the Pits of Slime)
 79482 | Slime:5  | Got a translucent iron ring
 79483 | Slime:5  | Identified the ring "Orphisare" {rPois rF+} (You found it on level 5 of the Pits of Slime)
 79546 | Slime:5  | Got a flickering golden ring
 79547 | Slime:5  | Identified the ring of the Open Hand {rCorr rElec Str+4 SInv Stlth-} (You found it on level 5 of the Pits of Slime)
 80203 | Lair:1   | Lost mutation: You are weak. (Str -2) [potion of mutation]
 80203 | Lair:1   | Lost mutation: You tend to lose your temper in combat. [potion of mutation]
 80203 | Lair:1   | Lost mutation: Your body often deteriorates upon taking damage. [potion of mutation]
 80203 | Lair:1   | Lost mutation: Your body sometimes deteriorates upon taking damage. [potion of mutation]
 80203 | Lair:1   | Gained mutation: You have a pair of large horns on your head. [potion of mutation]
 80203 | Lair:1   | Lost mutation: You have a pair of large horns on your head. [potion of mutation]
 80203 | Lair:1   | Gained mutation: You have a pair of large horns on your head. [potion of mutation]
 80204 | Lair:1   | Lost mutation: You have a pair of large horns on your head. [potion of mutation]
 80204 | Lair:1   | Lost mutation: You are very frail. (-20% HP) [potion of mutation]
 80204 | Lair:1   | Gained mutation: Your movements are slightly less encumbered by armour. (ER -2) [potion of mutation]
 80204 | Lair:1   | Gained mutation: Scrolls take you a little longer to read. [potion of mutation]
 80204 | Lair:1   | Gained mutation: You are agile. (Dex +2) [potion of mutation]
 80205 | Lair:1   | Lost mutation: Scrolls take you a little longer to read. [potion of mutation]
 80205 | Lair:1   | Lost mutation: You are agile. (Dex +2) [potion of mutation]
 80205 | Lair:1   | Gained mutation: Your natural rate of healing is unusually fast. [potion of mutation]
 80205 | Lair:1   | Gained mutation: You are partially covered in icy blue scales. (AC +2) [potion of mutation]
 80206 | Lair:1   | Lost mutation: You expend magic power (3 MP) to strengthen your wands. [potion of mutation]
 80206 | Lair:1   | Lost mutation: Your natural rate of healing is unusually fast. [potion of mutation]
 80206 | Lair:1   | Lost mutation: You are frail. (-10% HP) [potion of mutation]
 80206 | Lair:1   | Gained mutation: You are clumsy. (Dex -2) [potion of mutation]
 80206 | Lair:1   | Gained mutation: Your flesh is heat resistant. (rF+) [potion of mutation]
 80615 | Zot:2    | HP: 14/288 [storm dragon (10)]
 80615 | Zot:2    | HP: 3/288 [tentacled monstrosity (8)]
 80733 | Zot:2    | HP: 11/288 [red draconian/searing blast (4)]
 80782 | Zot:2    | Reached skill level 10 in Evocations
 80992 | Zot:2    | Received a gift from Okawaru
 82518 | Zot:2    | Reached skill level 10 in Stealth
 82736 | Zot:2    | Received a gift from Okawaru
 82845 | Zot:2    | Noticed an ancient lich
 83316 | Zot:2    | Killed an ancient lich
 83354 | Zot:2    | Found a stormy altar of Qazlal.
 83383 | Zot:2    | Got a pair of faintly humming gloves
 83394 | Zot:2    | Identified the +2 pair of gloves of the Hills {rElec rN+} (You found it on level 2 of the Realm of Zot)
 84374 | Hell     | Entered the Vestibule of Hell
 84374 | Hell     | Noticed Geryon
 85766 | Hell     | Reached skill level 10 in Invocations
 86138 | Hell     | Killed Geryon
 86160 | Hell     | Received a gift from Okawaru
 86272 | Hell     | Found a gateway to the ashen valley of Gehenna.
 86349 | Hell     | Found a gateway to the Iron City of Dis.
 86418 | Hell     | Found a gateway to the freezing wastes of Cocytus.
 86470 | Hell     | Found a gateway to the decaying netherworld of Tartarus.
 86717 | Zot:2    | Got a shimmering chain mail {god gift}
 86730 | Zot:2    | Identified the +1 chain mail of the Gate {Str+6 Int-5} (Okawaru gifted it to you on level 2 of the Realm of Zot)
 86730 | Zot:2    | Lost intelligence.
 89241 | Zot:4    | Received a gift from Okawaru
 90255 | Zot:4    | Reached skill level 15 in Invocations
 90505 | Zot:4    | Noticed an orb of fire
 90521 | Zot:4    | Killed an orb of fire
 90560 | Zot:4    | Received a gift from Okawaru
 90885 | Zot:5    | Entered Level 5 of the Realm of Zot
 91220 | Zot:5    | Noticed an ancient lich
 91225 | Zot:5    | Killed an ancient lich
 91306 | Zot:5    | Reached skill level 15 in Evocations
 91313 | Zot:5    | Noticed an ancient lich
 91559 | Zot:5    | Killed an ancient lich
 91559 | Zot:5    | Received a gift from Okawaru
 91822 | Zot:5    | Noticed an orb of fire
 91826 | Zot:5    | Gained mutation: Armour fits poorly on your strangely shaped body. [an orb of fire]
 91842 | Zot:5    | Killed an orb of fire
 91942 | Zot:5    | Noticed an ancient lich
 91951 | Zot:5    | Killed an ancient lich
 92130 | Zot:5    | Noticed an ancient lich
 92139 | Zot:5    | Killed an ancient lich
 92172 | Zot:5    | Noticed an ancient lich
 92191 | Zot:5    | Killed an ancient lich
 92191 | Zot:5    | Received a gift from Okawaru
 92201 | Zot:5    | Noticed an orb of fire
 92203 | Zot:5    | Gained mutation: Your magical capacity is low. (-10% MP) [an orb of fire]
 92207 | Zot:5    | Gained mutation: You are weak. (Str -2) [an orb of fire]
 92212 | Zot:5    | Gained mutation: Scrolls take you a little longer to read. [an orb of fire]
 92216 | Zot:5    | Gained mutation: Potions are less effective at restoring your health. [an orb of fire]
 92246 | Zot:5    | Killed an orb of fire
 93059 | Zot:5    | Noticed an orb of fire
 93071 | Zot:5    | Gained mutation: You are occasionally teleported next to monsters. [mutagenic glow]
 93081 | Zot:5    | Killed an orb of fire
 93081 | Zot:5    | Received a gift from Okawaru
 93118 | Zot:5    | Noticed an ancient lich
 93133 | Zot:5    | Killed an ancient lich
 93341 | Zot:5    | Noticed an ancient lich
 93350 | Zot:5    | Killed an ancient lich
 94971 | Depths:5 | Bought a potion of agility for 100 gold pieces
 94971 | Depths:5 | Bought 2 potions of heal wounds for 250 gold pieces
 94971 | Depths:5 | Bought a potion of haste for 250 gold pieces
 95451 | Pan      | Entered Pandemonium
 95528 | Pan      | Noticed Ucwiefil the pandemonium lord
 95551 | Pan      | Killed Ucwiefil the pandemonium lord
 96114 | Pan      | Found an exit through the horrors of the Abyss.
 96145 | Pan      | Gained mutation: You occasionally shout uncontrollably at your foes. [a neqoxec]
 96180 | Pan      | Received a gift from Okawaru
 96779 | Pan      | Entered the realm of Cerebov.
 97123 | Pan      | Received a gift from Okawaru
 97299 | Pan      | Got a jewelled broad axe {freeze}
 97353 | Pan      | Identified Easy Hermeneutics
 97430 | Pan      | Got a pair of slimy boots
 97441 | Pan      | Identified the +1 pair of boots "Fosaducs" {rElec rPois MR- Str+3} (You found it in Pandemonium)
 97458 | Pan      | Noticed Cerebov
 97499 | Pan      | Killed Cerebov
 97757 | Pan      | Identified the +8 broad axe of Saltpetre {freeze, rF+ rN+ Int+6} (You took it off an efreet in Pandemonium)
 97772 | Pan      | Received a gift from Okawaru
 97925 | Pan      | Got a fiery rune of Zot
 98762 | Pan      | Found an exit through the horrors of the Abyss.
 98844 | Pan      | Received a gift from Okawaru
 99724 | Pan      | Noticed Vighob the pandemonium lord
 99746 | Pan      | HP: 3/288 [Vighob the pandemonium lord (22)]
 99746 | Pan      | Mangled by a sun demon

Skill      XL: |  1  2  3  4  5  6  7  8  9 10 11 12 13 14 15 16 17 18 19 20 21 22 23 24 25 26 27 |
---------------+----------------------------------------------------------------------------------+-----
Shields        | 4 5 6 7 9 10 12 14 16 18 19 21 22 23 25 26 27 | 27.0
Fighting       | 4 5 6 8 9 10 11 13 14 15 16 17 18 20 22 23 25 26 27 | 27.0
Armour         | 4 5 6 7 9 10 11 12 13 14 15 16 17 18 19 20 21 22 27 | 27.0
Long Blades    | 3 4 5 6 8 10 12 13 14 15 16 17 18 19 21 22 23 24 26 27 | 27.0
Dodging        | 1 2 3 4 5 |  5.5
Invocations    | 2 3 4 5 21 | 21.2
Evocations     | 1 3 4 18 | 18.2
Stealth        | 1 2 3 14 | 14.6
Short Blades   | 2 |  2.2
Throwing       | 1 2 |  2.4
Unarmed Combat | 1 2 |  2.5
Spellcasting   | 1 |  1.5
Axes           | |  0.4

Action                   |  1- 3 |  4- 6 |  7- 9 | 10-12 | 13-15 | 16-18 | 19-21 | 22-24 | 25-27 || total
-------------------------+-------+-------+-------+-------+-------+-------+-------+-------+-------++-------
Melee: Long sword        |    77 |    92 |   323 |   384 |       |       |       |       |       ||   876
       Headbutt          |     9 |    19 |    89 |   289 |   552 |   725 |   498 |   593 |  1540 ||  4314
       War axe           |       |     4 |    20 |       |       |       |       |       |       ||    24
       Falchion          |       |       |       |   516 |   468 |       |       |       |   693 ||  1677
       Scimitar          |       |       |       |       |   985 |  1261 |       |    38 |     4 ||  2288
       Short sword       |       |       |       |       |       |    29 |       |       |       ||    29
       Double sword      |       |       |       |       |       |   305 |  1585 |  1610 |  3346 ||  6846
       Demon blade       |       |       |       |       |       |   211 |       |       |       ||   211
Invok: Heroism           |       |       |     1 |     6 |    18 |    19 |     2 |     1 |     7 ||    54
       Finesse           |       |       |       |     1 |     8 |     3 |     1 |     1 |     2 ||    16
 Abil: Evoke Flight      |       |       |       |       |       |       |       |       |     1 ||     1
Evoke: Wand              |       |       |       |    29 |    28 |    19 |       |    14 |    23 ||   113
  Use: Potion            |       |     3 |     1 |     3 |     6 |     7 |       |       |    22 ||    42
       Scroll            |       |     4 |     5 |    13 |     7 |    21 |    15 |    13 |    20 ||    98
 Stab: Fleeing           |       |       |       |       |       |       |       |     1 |       ||     1
       Distracted        |       |       |       |       |       |       |       |       |     2 ||     2
  Eat: Chunk             |       |     5 |    14 |    22 |    29 |    29 |   123 |    96 |   184 ||   502
       Ration            |       |       |       |     3 |     2 |     5 |       |     3 |    10 ||    23
Armor: Scale mail        |    38 |    27 |       |       |       |       |       |       |       ||    65
       Chain mail        |       |    27 |   118 |    36 |       |       |       |       |       ||   181
       Plate armour      |       |       |       |   325 |   641 |   240 |       |       |       ||  1206
       Swamp dragon scal |       |       |       |       |     1 |       |       |       |       ||     1
       Gold dragon scale |       |       |       |       |       |   444 |   605 |   663 |  2804 ||  4516
Dodge: Dodged            |    24 |    33 |    65 |   206 |   457 |   415 |   281 |   331 |  1559 ||  3371
Block: Shield            |    43 |    86 |   174 |   683 |  1460 |  1811 |    70 |   291 |       ||  4618
       Large shield      |       |       |       |       |       |       |  2020 |  1940 |  2190 ||  6150
       Reflection        |       |       |       |       |       |       |   148 |   131 |   208 ||   487
       Buckler           |       |       |       |       |       |       |       |       |  1869 ||  1869
       Rpst.: Long sword |     5 |     9 |    17 |    18 |       |       |       |       |       ||    49
       Falchion          |       |       |       |    37 |    25 |       |       |       |    37 ||    99
       Scimitar          |       |       |       |       |    57 |    56 |       |     5 |     2 ||   120
       Demon blade       |       |       |       |       |       |    13 |       |       |       ||    13
       Double sword      |       |       |       |       |       |     7 |    46 |    80 |   197 ||   330
